Map: Catalyst LE

Players

Clem

  • Race: Terran Terran
  • League: Grandmaster
  • Spawn Location: 5:00

Harstem - Winner!

  • Race: Protoss Protoss
  • League: Master
  • Spawn Location: 11:00

Event: HomeStory Cup XVII

VOD

Have the link to the VOD?

Description

Time

  • Played on: June 28, 2018, 11:43 a.m.
  • Length: 12:03

All games in this series

Show
View Real Time Build Order
Export as new Build Order

Clem Terran 

Build Orders: Reaper Expand, MMM Bio 

Get SALT Encoding   

  12  0:01  SCV  
  13  0:13  SCV  
  14  0:17  Supply Depot  
  14  0:25  SCV  
  15  0:38  SCV  
  15  0:40  Barracks  
  16  0:44  Refinery  
  16  0:50  SCV  
  17  1:03  SCV  
  18  1:15  SCV  
  19  1:27  Orbital Command, Reaper  
  20  1:40  Command Center  
  20  1:52  Barracks  
  20  1:55  SCV  
  21  2:01  Barracks Reactor  
  21  2:05  Supply Depot  
  22  2:08  SCV  
  22  2:17  Barracks  
  22  2:21  SCV  
  23  2:33  SCV  
  24  2:37  Marine x2  
  24  2:39  Barracks Tech Lab  
  26  2:45  SCV  
  27  2:54  Orbital Command  
  27  2:55  Marine x2  
  27  2:57  SCV  
  30  3:01  Stimpack, Marine  
  31  3:11  Engineering Bay, SCV  
  33  3:12  Marine  
  33  3:14  Marine  
  33  3:19  Barracks Tech Lab, Marine  
  34  3:21  SCV  
  34  3:23  SCV  
  36  3:30  Marine  
  36  3:32  Marine  
  36  3:33  SCV  
  39  3:39  Missile Turret  
  39  3:40  SCV, Marine, Terran Infantry Weapons Level 1  
  41  3:42  Marine  
  41  3:45  Supply Depot  
  41  3:47  SCV  
  43  3:52  Missile Turret  
  43  3:53  Combat Shields  
  43  3:55  Marine x2  
  44  3:58  SCV  
  44  4:01  Marine  
  46  4:03  Marine  
  46  4:06  SCV  
  45  4:12  Marine, SCV  
  45  4:13  Marine  
  47  4:19  SCV  
  48  4:24  SCV  
  48  4:26  Supply Depot  
  48  4:28  Marauder x2  
  48  4:30  Marine  
  48  4:31  Marine, SCV  
  53  4:33  Supply Depot  
  54  4:40  Refinery  
  54  4:41  Refinery  
  54  4:48  Supply Depot, Marine, SCV x2  
  54  4:49  Marine  
  58  4:55  Factory  
  58  5:00  SCV x2  
  58  5:03  Marauder  
  58  5:06  Refinery  
  62  5:07  Supply Depot  
  62  5:08  Marine  
  62  5:09  Marauder  
  62  5:12  SCV x2  
  67  5:15  Marine  
  68  5:24  Marauder, SCV x2  
  70  5:30  Marauder  
  61  5:36  Marine x2, SCV x2  
  61  5:40  Starport, Terran Infantry Armor Level 1  
  61  5:44  Factory Reactor  
  61  5:48  SCV  
  61  5:53  Barracks  
  61  5:54  Marine x2  
  61  5:55  Barracks  
  61  5:57  Supply Depot  
  63  5:59  Marauder  
  63  6:02  Marauder  
  63  6:03  SCV x2  
  69  6:09  Supply Depot  
  69  6:12  Marine x2  
  71  6:21  Marauder  
  71  6:23  Marauder  
  71  6:25  Supply Depot  
  75  6:26  Factory Reactor, Medivac x2  
  75  6:29  Marine x2  
  75  6:30  Concussive Shells  
  81  6:42  Barracks Reactor, Barracks Tech Lab, Marauder  
  81  6:44  Marauder  
  85  6:47  Supply Depot, Marine x2  
  87  6:56  Medivac x2  
  91  7:03  Marauder  
  91  7:05  Marine x2, Marauder  
  91  7:06  Marauder  
  99  7:08  Supply Depot  
  99  7:11  Widow Mine x2  
  99  7:24  Marine x2  
  99  7:25  Marauder, Marine x2  
  99  7:27  Marauder  
  99  7:29  Command Center  
  105  7:31  Medivac x2  
  105  7:35  Supply Depot  
  109  7:45  Marine x4  
  109  7:47  Marauder  
  109  7:50  Widow Mine  
  117  7:54  Widow Mine  
  117  7:58  Supply Depot  
  118  8:00  Supply Depot  
  118  8:01  Marauder  
  118  8:02  Marauder  
  122  8:12  Widow Mine, Marauder  
  110  8:16  Widow Mine  
  110  8:20  Medivac  
  110  8:23  Medivac, Marauder x2  
  117  8:35  Widow Mine, Marine x4  
  117  8:36  Marauder  
  125  8:44  Marauder  
  126  8:48  Widow Mine  
  126  8:49  Marauder  
  126  8:52  Medivac  
  121  8:57  Widow Mine, Medivac  
  121  8:58  Marine x2  
  121  9:01  Marauder  
  121  9:02  Marine  
  121  9:08  Orbital Command  
  122  9:13  SCV x2  
  122  9:16  Widow Mine  
  130  9:24  Marauder x2  
  130  9:31  Liberator  
  127  9:41  Marine x4  
  127  9:42  Widow Mine  
  127  9:43  Marauder  
  127  9:45  Marine, Marauder  
  135  9:48  Widow Mine  
  135  9:52  SCV x2  
  142  9:53  SCV  
  142  9:56  Liberator  
  137  10:01  Marine x4  
  137  10:03  Supply Depot  
  137  10:04  SCV  
  137  10:06  Marauder  
  144  10:08  Widow Mine  
  139  10:25  Marine, Marauder x2  
  139  10:26  Widow Mine, Marine  
  139  10:28  Marine  
  125  10:34  Marauder  
  125  10:37  Liberator  
  119  10:45  SCV  
  119  10:47  SCV x2  
  111  10:51  Widow Mine  
  111  10:52  Liberator  
  114  10:58  SCV  
  114  10:59  SCV x2  
  112  11:10  SCV  
  112  11:11  Marine x2  
  102  11:23  SCV x2  
  102  11:24  Marauder  
  96  11:31  SCV  
  96  11:35  SCV  
  96  11:38  SCV  
Show
View Real Time Build Order
Export as new Build Order

Harstem Protoss - Winner!

Build Orders: 1 Gate Expand, Oracle Opening, Chargelot Immortal 

Get SALT Encoding   

  12  0:01  Probe  
  13  0:13  Probe  
  14  0:18  Pylon  
  14  0:25  Probe  
  15  0:33  Probe  
  15  0:39  Gateway  
  15  0:41  Probe  
  17  0:51  Probe  
  17  0:52  Assimilator  
  18  1:03  Probe  
  19  1:16  Probe  
  20  1:23  Nexus  
  20  1:33  Cybernetics Core  
  20  1:35  Probe  
  21  1:41  Assimilator  
  21  1:47  Probe  
  21  1:50  Pylon  
  22  2:00  Adept, Probe  
  23  2:12  Probe  
  26  2:16  Stargate  
  26  2:18  Adept  
  26  2:24  Probe  
  28  2:30  Warp Gate  
  28  2:35  Probe  
  28  2:36  Probe  
  30  2:44  Adept  
  30  2:47  Probe  
  30  2:48  Probe  
  34  2:54  Oracle  
  34  2:59  Probe  
  34  3:00  Probe  
  39  3:12  Probe x2  
  41  3:21  Oracle  
  41  3:23  Pylon  
  41  3:24  Probe x2  
  46  3:41  Gateway, Probe x2  
  48  3:42  Gateway  
  48  3:44  Pylon  
  48  3:53  Probe x2  
  48  4:05  Probe  
  48  4:06  Nexus  
  47  4:10  Probe  
  47  4:11  Oracle  
  51  4:17  Probe  
  51  4:21  Pylon  
  51  4:23  Probe  
  53  4:29  Probe  
  54  4:34  Assimilator  
  54  4:35  Probe  
  54  4:36  Assimilator  
  54  4:38  Stalker  
  57  4:41  Probe  
  57  4:42  Forge  
  57  4:44  Twilight Council  
  58  4:46  Stalker  
  58  4:50  Stalker  
  58  4:51  Probe  
  63  4:57  Probe  
  64  5:07  Stalker  
  64  5:08  Probe  
  64  5:11  Shield Battery  
  64  5:13  Probe  
  68  5:14  Stalker  
  68  5:15  Blink  
  68  5:19  Protoss Ground Weapons Level 1  
  69  5:22  Stalker  
  69  5:33  Stalker  
  59  5:36  Probe  
  59  5:37  Probe  
  59  5:45  Oracle, Stalker  
  59  5:48  Probe  
  59  5:49  Probe  
  63  5:50  Probe  
  67  6:00  Probe  
  67  6:01  Probe  
  67  6:02  Gateway  
  67  6:03  Gateway  
  70  6:07  Gateway  
  70  6:11  Sentry  
  70  6:12  Probe, Zealot  
  70  6:13  Probe  
  70  6:14  Pylon  
  70  6:15  Robotics Facility  
  70  6:16  Probe  
  76  6:24  Probe  
  76  6:25  Probe  
  78  6:26  Sentry  
  78  6:28  Probe  
  78  6:32  Stalker, Pylon  
  83  6:35  Pylon  
  83  6:36  Probe  
  84  6:40  Stalker  
  84  6:44  Pylon  
  84  6:45  Pylon  
  84  6:46  Phoenix, Pylon  
  88  6:47  Pylon  
  88  6:51  Sentry  
  88  6:53  Shield Battery  
  90  6:55  Assimilator  
  90  6:57  Probe  
  91  7:02  Immortal  
  91  7:06  Stalker x3  
  95  7:15  Probe  
  95  7:16  Probe  
  95  7:17  Stalker  
  95  7:19  Assimilator  
  95  7:22  Stalker  
  101  7:28  Probe x2  
  101  7:30  Immortal, Probe  
  101  7:31  Shield Battery  
  101  7:33  Pylon  
  101  7:35  Stalker x2  
  101  7:36  Stalker  
  108  7:40  Pylon  
  108  7:42  Protoss Ground Armor Level 1  
  108  7:43  Charge  
  112  7:54  Probe x2  
  113  8:00  Stalker x2  
  113  8:01  Zealot  
  113  8:02  Zealot  
  113  8:04  Stalker  
  123  8:07  Immortal  
  115  8:16  Stalker  
  121  8:24  Probe  
  121  8:26  Gateway  
  122  8:33  Gateway  
  118  8:34  Robotics Bay  
  118  8:35  Zealot x4  
  126  8:44  Immortal  
  116  8:50  Stalker x2  
  108  8:58  Stalker x3  
  115  9:03  Zealot  
  115  9:07  Shield Battery  
  117  9:11  Oracle, Disruptor  
  117  9:13  Zealot  
  117  9:15  Sentry  
  127  9:25  Zealot x2  
  127  9:26  Zealot x2  
  127  9:27  Stalker  
  137  9:36  Forge  
  137  9:41  Stalker x2  
  137  9:44  Disruptor  
  138  10:01  Zealot x5  
  138  10:04  Pylon  
  138  10:06  Dark Shrine  
  148  10:10  Pylon  
  148  10:19  Disruptor  
  148  10:21  Pylon  
  143  10:24  Zealot x5  
  143  10:25  Zealot  
  143  10:27  Pylon  
  147  10:36  Zealot  
  147  10:37  Zealot  
  145  10:51  Zealot x6  
  145  10:55  Disruptor  
  154  11:10  Stalker x2  
  154  11:17  Nexus, Stalker x2  
  142  11:26  Stalker x2  
  142  11:31  Probe  
  148  11:33  Cybernetics Core  
  148  11:36  Probe  
  148  11:39  Dark Templar x2, Zealot  
  147  11:46  Dark Templar x2  
Tags
 
Add a new tag
Caveats
  • Supply blocks, unpowered buildings, or Contaminate may cause inaccurate times.
  • Supply counts are checked every 10 seconds.